 Dungeon Crawl Stone Soup version 0.23-a0-435-g79ed067 (webtiles) character file.

8210 Lavandula the Slicer (level 11, -4/121 HPs)
             Began as a Barachi Air Elementalist on Nov 15, 2018.
             Was a Priest of Vehumet.
             Slain by a cyclops (18 damage)
             ... on level 11 of the Dungeon.
             The game lasted 00:55:33 (5771 turns).

Lavandula the Slicer (Barachi Air Elementalist)     Turns: 5771, Time: 00:55:33

Health: -4/121     AC: 25    Str: 11      XL:     11   Next: 27%
Magic:  5/32       EV:  2    Int: 18      God:    Vehumet [***...]
Gold:   90         SH:  0    Dex: 11 (12) Spells: 17/27 levels left

rFire    . . .     SeeInvis .   D - +4 dagger (venom)
rCold    . . .     Gourm    .   (no shield)
rNeg     + + +     Faith    .   (armour currently unavailable)
rPois    +         Spirit   .   (helmet currently unavailable)
rElec    .         Reflect  .   (cloak currently unavailable)
rCorr    .         Harm     .   (gloves currently unavailable)
MR       .....     Rnd*Rage +   (boots currently unavailable) Stlth ++........NoTele +
                                (no amulet)
HPRegen  0.30/turn              a - +3 ring of evasion
MPRegen  0.23/turn              O - ring of magical power

@: tree-form (expiring)
A: +LOS, swims, berserk 1
a: Renounce Religion


You were on level 11 of the Dungeon.
You worshipped Vehumet.
Vehumet was most pleased with you.
You were very hungry.
You were a tree.
You visited 2 branches of the dungeon, and saw 13 of its levels.
You also visited: Sewer.

You collected 377 gold pieces.
You spent 287 gold pieces at shops.

Inventory:

Hand Weapons
 g - a +0 spear
 r - a +5 dagger of freezing
 D - a +4 dagger of venom (weapon)
 K - a +2 falchion
 Q - a +0 blowgun
Missiles
 p - 2 throwing nets (quivered)
 P - 7 curare-tipped needles
Armour
 d - a +2 helmet (melded)
 h - a +2 pair of gloves (melded)
 j - a +2 leather armour of cold resistance
 l - a +0 ring mail
 x - a +1 ring mail of fire resistance
 H - a +2 robe of resistance (melded)
 R - a scarf of cloud immunity (melded)
Jewellery
 a - a +3 ring of evasion (left branch)
 i - an uncursed ring of fire
 m - a +3 ring of intelligence
 v - an uncursed ring of protection from magic
 y - an uncursed ring of ice
 B - an uncursed ring of flight
 O - a ring of magical power (right branch)
Wands
 e - a wand of random effects (2)
 s - a wand of paralysis (3)
Scrolls
 f - 4 scrolls of teleportation
 k - 3 scrolls of remove curse
 q - 4 scrolls of magic mapping
 t - 3 scrolls of blinking
 C - 2 scrolls of immolation
 F - 2 scrolls of fear
 I - a scroll of amnesia {unknown}
 J - a scroll of fog
 L - a scroll of brand weapon {unknown}
Potions
 b - 3 potions of flight
 n - 5 potions of brilliance
 u - a potion of might {unknown}
 w - a potion of lignification
 z - a potion of cancellation {unknown}
 A - 2 potions of agility
 E - 2 potions of magic {unknown}
 G - a potion of heal wounds {unknown}
 M - a potion of resistance {unknown}
 N - a potion of haste
Comestibles
 c - 13 rations


   Skills:
 - Level 6.2 Fighting
 - Level 10.0 Short Blades
 - Level 5.8 Armour
 - Level 8.5 Dodging
 - Level 2.5 Stealth
 + Level 8.6 Spellcasting
 - Level 1.1 Conjurations
 - Level 6.7 Air Magic


You had 17 spell levels left.
You knew the following spells:

 Your Spells              Type           Power        Failure   Level  Hunger
a - Shock                 Conj/Air       ###.         1%          1    None
b - Swiftness             Chrm/Air       ###.....     3%          2    None
c - Static Discharge      Conj/Air       ###.....     1%          3    None
d - Airstrike             Air            ####......   1%          4    ###....

Your spell library contained the following spells:

 Spells                   Type           Power        Failure   Level  Hunger
 Conjure Flame            Conj/Fire      #.......     6%          3    None
 Lightning Bolt           Conj/Air       ###.......   13%         5    #####..


Dungeon Overview and Level Annotations

Branches:
Dungeon (12/15)            Temple (1/1) D:6            Lair (0/6) D:9
    Orc: D:9-12

Altars:
Elyvilon
Fedhas
Gozag
Kikubaaqudgha
Nemelex Xobeh
Okawaru
Ru
Sif Muna
Trog
Uskayaw
Vehumet
Xom
Yredelemnul
The Shining One

Shops:
D:10 [   D:11 ?

Annotations:
D:9 3 runed doors, MisterFreud's ghost, novice FeTm; derval's ghost, novice MfSk
D:12 Rupert


Innate Abilities, Weirdness & Mutations

Shadows flee at your approach. (+LOS)
You can swim through water.
((You cover ground slowly.))
((You can hop short distances.))
You tend to lose your temper in combat.
((Your system is resistant to poisons. (rPois)))


Message History

Confirm with . or Enter, or press ? or * to list all spells.
The cyclops is struck by an arc of lightning.
The cyclops is lightly wounded.
You are struck by an arc of lightning.
* * * LOW HITPOINT WARNING * * *
The lightning grounds out.
The orc is struck by an arc of lightning.
The orc is heavily wounded.
The lightning grounds out.
The orc hits you but does no damage.
Casting: Static Discharge (safe; 1% risk of failure)
Confirm with . or Enter, or press ? or * to list all spells.
The orc is struck by an arc of lightning.
You kill the orc!
Vehumet accepts your kill.
You feel your power returning.
You are struck by an arc of lightning.
* * * LOW HITPOINT WARNING * * *
The cyclops is struck by an arc of lightning.
The cyclops is moderately wounded.
The lightning grounds out.
The cyclops hits you!!
You die...

....)....#....#
.........#....#
.........#....#
###.....##....####
#.....#........#
#.....#........#
#...###........####
###...#.............######
......#.........♣[?.......
......#....######C####...
......#..>.#..C......#
......#....#...#####.#
......#....#.. #
).....#....#. ###...#....#
..###'#....# ...........#


You could see a cyclops.

Vanquished Creatures
  3 two-headed ogres
  An unseen horror (D:11)
  A hippogriff (D:8)
  A spriggan (D:9)
  3 yaks (D:10)
  A water moccasin (D:7)
  5 orc warriors
  3 ice beasts
  2 sky beasts
  A hornet zombie (D:8)
  A black bear (D:7)
  An ogre (D:8)
  3 centaurs
  3 wolves (D:9)
  2 big kobolds
  9 bullfrogs
  A scorpion (D:8)
  5 killer bees (D:9)
  4 howler monkeys
  5 wights (D:10)
  3 electric eels (D:9)
  6 crimson imps
  A quasit (D:11)
  4 hounds
  4 jellies
  7 orc priests
  2 bullfrog skeletons
  2 centaur skeletons
  Jessica (D:3)
  Terence (D:2)
  14 orc wizards
  4 worker ants
  5 iguanas
  3 gnolls (D:6)
  16 adders
  3 oozes
  An adder zombie (D:8)
  An adder skeleton (D:4)
  5 worms
  A dart slug (D:2)
  15 leopard geckos
  43 orcs
  4 bats
  14 giant cockroaches
  7 goblins
  7 hobgoblins
  12 jackals
  A quokka (D:5)
  2 ball pythons
  5 frilled lizards (Sewer)
  7 kobolds
  A quokka skeleton (D:5)
  7 rats
264 creatures vanquished.

Vanquished Creatures (others)
  A plant (D:9)
  5 withered plants (D:9)
6 creatures vanquished.

Grand Total: 270 creatures vanquished

Notes
Turn   | Place    | Note
-------+----------+-------------------------------------------
     0 | D:1      | Lavandula the Barachi Air Elementalist began the quest for
                  | the Orb.
     0 | D:1      | Reached XP level 1. HP: 13/13 MP: 3/3
   113 | D:1      | Reached XP level 2. HP: 14/19 MP: 0/5
   533 | D:1      | Reached XP level 3. HP: 24/24 MP: 2/6
   540 | D:1      | Learned a level 2 spell: Swiftness
   789 | D:2      | Learned a level 3 spell: Static Discharge
   853 | D:2      | Reached XP level 4. HP: 14/30 MP: 2/9
  1063 | D:3      | Noticed Jessica
  1075 | D:3      | Killed Jessica
  1075 | D:3      | Reached skill level 5 in Air Magic
  1145 | D:3      | Reached XP level 5. HP: 35/35 MP: 8/10
  1153 | D:3      | Found a sparkling altar of Nemelex Xobeh.
  1156 | D:2      | Noticed Terence
  1165 | D:2      | Killed Terence
  1242 | D:3      | Found a white marble altar of Elyvilon.
  1331 | D:5      | Entered Level 5 of the Dungeon
  1406 | D:5      | Found a glowing drain.
  1410 | Sewer    | Entered a sewer
  1422 | Sewer    | Reached skill level 1 in Fighting
  1422 | Sewer    | Reached XP level 6. HP: 31/43 MP: 5/11
  1913 | D:5      | Reached XP level 7. HP: 49/54 MP: 5/12
  1919 | D:5      | Learned a level 4 spell: Airstrike
  1987 | D:5      | Found a sacrificial altar of Ru.
  2283 | D:4      | Reached skill level 5 in Spellcasting
  2338 | D:4      | Reached skill level 1 in Armour
  2709 | D:6      | Reached XP level 8. HP: 33/60 MP: 9/15
  2733 | D:6      | Found a shimmering altar of Xom.
  2735 | D:6      | Noticed an angel
  2841 | D:6      | Reached skill level 5 in Armour
  2877 | D:6      | Gained mutation: You tend to lose your temper in combat.
                  | [potion of mutation]
  2877 | D:6      | Gained mutation: Your system is resistant to poisons.
                  | (rPois) [potion of mutation]
  2987 | D:6      | Paralysed by an orc for 4 turns
  2996 | D:6      | Found a staircase to the Ecumenical Temple.
  3087 | Temple   | Entered the Ecumenical Temple
  3168 | Temple   | Became a worshipper of Vehumet
  3349 | D:7      | Reached skill level 2 in Short Blades
  3363 | D:7      | Reached skill level 3 in Short Blades
  3402 | D:7      | Reached skill level 4 in Short Blades
  3402 | D:7      | Reached XP level 9. HP: 37/65 MP: 11/18
  3448 | D:7      | Reached skill level 5 in Short Blades
  3525 | D:7      | Reached * piety under Vehumet
  3525 | D:7      | Offered knowledge of Freeze by Vehumet.
  3591 | D:7      | Reached skill level 6 in Short Blades
  3716 | D:8      | Reached skill level 7 in Short Blades
  4026 | D:8      | Reached skill level 5 in Dodging
  4215 | D:8      | Noticed a two-headed ogre
  4239 | D:8      | Killed a two-headed ogre
  4239 | D:8      | Reached XP level 10. HP: 10/72 MP: 8/19
  4316 | D:8      | Noticed a two-headed ogre
  4349 | D:8      | Killed a two-headed ogre
  4423 | D:8      | Reached ** piety under Vehumet
  4423 | D:8      | Offered knowledge of Magic Dart by Vehumet.
  4489 | D:10     | Entered Level 10 of the Dungeon
  4730 | D:10     | Found Sianop's Armour Boutique.
  4843 | D:9      | Offered knowledge of Throw Flame by Vehumet.
  4913 | D:9      | Found a staircase to the Lair.
  4993 | D:9      | Found a runed gate.
  4993 | D:9      | Found a runed gate.
  4993 | D:9      | Found a runed gate.
  4994 | D:9      | Noticed derval's ghost (novice MfSk)
  4995 | D:9      | Noticed MisterFreud's ghost (novice FeTm)
  5059 | D:9      | Noticed a two-headed ogre
  5149 | D:9      | Killed a two-headed ogre
  5149 | D:9      | Reached skill level 8 in Short Blades
  5151 | D:9      | Reached *** piety under Vehumet
  5151 | D:9      | Reached XP level 11. HP: 55/81 MP: 13/23
  5202 | D:9      | Reached skill level 9 in Short Blades
  5484 | D:10     | Offered knowledge of Conjure Flame by Vehumet.
  5597 | D:10     | Found an ancient bone altar of Kikubaaqudgha.
  5623 | D:11     | Found Kugolari's Magic Scroll Shop.
  5630 | D:11     | Bought a scroll of fog for 28 gold pieces
  5630 | D:11     | Bought a scroll of immolation for 49 gold pieces
  5630 | D:11     | Bought a scroll of enchant weapon for 105 gold pieces
  5632 | D:11     | Bought a scroll of enchant armour for 105 gold pieces
  5681 | D:12     | Noticed a green ugly thing
  5685 | D:12     | Noticed Rupert
  5706 | D:11     | Reached skill level 10 in Short Blades
  5711 | D:11     | Noticed a cyclops
  5733 | D:11     | Killed an unseen horror
  5771 | D:11     | Slain by a cyclops

Vault maps used:
D:1:      sevenhm_arrival_forest_fort_small_5
D:2:      uniq_terence
D:3:      lemuel_doored_altar, lemuel_round_altar, minmay_splitting_lines,
          uniq_jessica
D:5:      kennysheep_mini_moat, gup_sewer_entry_bowl, first_ration
D:6:      grunt_temple_overflow_order_and_chaos_1, minitemple, temple_doors_e,
          eino_small_chamber_without_monster, lemuel_another_geyser
D:9:      kennysheep_little_box, erik_lair_island, gammafunk_ghost_cemetery,
          the_bakery, serial_bayou_lake_a
D:10:     basic_altar, serial_shops,
          nicolae_shop_temple_entry_statues_fountains, minmay_misc_feat_pillars
D:11:     serial_shops, shop
D:12:     orc_0_dummy, nicolae_trove_entry_diagonal, minmay_holes,
          minmay_three_doors, uniq_rupert, uniq_urug
Temple:   oiseaux_autumnal_temple
Sewer:    sewer_frog_island_01

Skill      XL: |  1  2  3  4  5  6  7  8  9 10 11 |
---------------+----------------------------------+-----
Air Magic      | 4 5 6 |  6.7
Spellcasting   | 3 5 6 8 |  8.6
Fighting       | 1 4 6 |  6.2
Dodging        | 3 8 |  8.5
Armour         | 4 5 |  5.8
Short Blades   | 4 7 8 10 | 10.0
Stealth        | 2 |  2.5
Conjurations   | |  1.1

Action                   |  1- 3 |  4- 6 |  7- 9 | 10-12 || total
-------------------------+-------+-------+-------+-------++-------
Melee: Dagger            |    54 |    96 |   197 |   221 ||   568
       Unarmed           |     2 |       |       |       ||     2
 Cast: Shock             |    55 |    74 |   213 |   139 ||   481
       Static Discharge  |       |     1 |     9 |    23 ||    33
       Swiftness         |       |       |     2 |       ||     2
 Abil: Hop               |     3 |     2 |     9 |     5 ||    19
Evoke: Wand              |       |       |     5 |    11 ||    16
  Use: Scroll            |       |     6 |     9 |     5 ||    20
       Potion            |       |     1 |     2 |     1 ||     4
 Stab: Sleeping          |     1 |       |       |       ||     1
       Paralysed         |       |       |       |     2 ||     2
  Eat: Chunk             |       |     4 |     9 |     5 ||    18
Armor: Robe              |    10 |       |    20 |    47 ||    77
       Leather armour    |    22 |    12 |    42 |       ||    76
       Ring mail         |       |    65 |    31 |       ||    96
       Skin              |       |       |       |     5 ||     5
Dodge: Dodged            |    88 |   110 |   216 |   216 ||   630

Table legend:
 A = Non-vault XP
 B = Vault XP
 C = Vault XP percentage of total XP
 D = Non-vault monster count
 E = Vault monster count
 F = Vault count percentage of total count
                 A         B        C        D         E       F
            +---------+---------+-------+---------+---------+-------
      Total |   10802 |     927 |   7.9 |     232 |      32 |  12.1
            +---------+---------+-------+---------+---------+-------
        D:1 |      43 |       0 |   0.0 |      19 |       0 |   0.0
        D:2 |      56 |      36 |  39.1 |      19 |       1 |   5.0
        D:3 |      35 |      37 |  51.4 |       7 |       1 |  12.5
        D:4 |     376 |       0 |   0.0 |      19 |       0 |   0.0
        D:5 |     368 |       7 |   1.9 |      28 |       4 |  12.5
        D:6 |     486 |       0 |   0.0 |      16 |       0 |   0.0
        D:7 |    1563 |       0 |   0.0 |      31 |       0 |   0.0
        D:8 |    3201 |       0 |   0.0 |      33 |       0 |   0.0
        D:9 |    1857 |     610 |  24.7 |      24 |       5 |  17.2
       D:10 |    1568 |       0 |   0.0 |      25 |       0 |   0.0
       D:11 |    1249 |       0 |   0.0 |      11 |       0 |   0.0
      Sewer |       0 |     237 | 100.0 |       0 |      21 | 100.0
            +---------+---------+-------+---------+---------+-------
